 Dungeon Crawl Stone Soup version 0.31-a0-263-ge8cad7f256 (webtiles) character file.

Game seed: 15898971100102843686

96 qw the Shooter (level 4, -2/26 HPs)
             Began as a Gargoyle Hexslinger on July 13, 2023.
             Was an Initiate of Okawaru.
             Slain by a gnoll
             ... wielding a +1 flail of venom
              (4 damage)
             ... on level 3 of the Dungeon.
             The game lasted 00:00:31 (1253 turns).

qw the Shooter (Gargoyle Hexslinger)                Turns: 1253, Time: 00:00:31

Health: -2/26      AC:  8    Str: 11    XL:     4   Next: 67%
Magic:  5/5        EV: 10    Int: 14    God:    Okawaru [......]
Gold:   132        SH:  0    Dex: 14    Spells: 4/5 levels left

rFire   . . .        Y - +1 sling
rCold   . . .        (no shield)
rNeg    + . .        c - +0 ring mail
rPois   inf          (no helmet)
rElec   +            (no cloak)
rCorr   .            (no gloves)
SInv    .            (no boots)
Will    .....        (no amulet)
Stlth   +            (no ring)
HPRegen 0.24/turn    (no ring)
MPRegen 0.09/turn

%: no passive effects
@: no status effects
A: sickness immunity, AC +3, negative energy resistance 1, electricity
resistance, torment resistance 1, petrification resistance
a: Renounce Religion


You were on level 3 of the Dungeon.
You worshipped Okawaru.
Okawaru was noncommittal.
You visited 1 branch of the dungeon, and saw 3 of its levels.

You collected 132 gold pieces.


Innate Abilities, Weirdness & Mutations

You are immune to sickness and miasma.
Your stone body is resilient. (AC +3)
You are immune to poison.
You resist negative energy. (rN+)
You are resistant to electric shocks. (rElec)
You are resistant to unholy torment.
You are immune to petrification.


   Skills:
 - Level 2.1 Fighting
 - Level 4.2 Ranged Weapons
 + Level 0.9 Armour
 - Level 1.5 Dodging
 - Level 1.0 Spellcasting
 - Level 2.6 Hexes


You had 4 spell levels left.
You knew the following spells:

 Your Spells              Type           Power      Damage    Failure   Level
a - Slow                  Hex            32%        N/A       22%         1

Your spell library contained the following spells:

 Spells                   Type           Power      Damage    Failure   Level
 Inner Flame              Hex/Fire       4%         N/A       73%         3
 Portal Projectile        Hex/Tloc       8%         N/A       73%         3
 Cause Fear               Hex            4%         N/A       91%         4

Inventory:

Hand Weapons
 Y - a +1 sling (weapon)
Armour
 c - a +0 ring mail (worn)
Jewellery
 i - an amulet of the acrobat
Scrolls
 j - a scroll of identify {unknown}
Potions
 a - a potion of mutation {unknown}
 b - a potion of attraction {unknown}
 d - a potion of might {unknown}
 e - a potion of heal wounds {unknown}
 f - a potion of brilliance {unknown}
 g - a potion of lignification {unknown}
 h - a potion of ambrosia {unknown}

Dungeon Overview and Level Annotations

Branches:
Dungeon (3/15)

Altars:
Okawaru


Message History

You shoot a sling bullet. The sling bullet hits the gnoll.
You kill the gnoll!
Okawaru accepts your kill. The gnoll barely misses you.
The gnoll closely misses you.
The gnoll hits you with a +1 flail of venom.
You shoot a sling bullet.
The sling bullet hits the gnoll but does no damage.
The gnoll hits you with a +1 flail of venom.
The gnoll hits you but does no damage.
You shoot a sling bullet.
The sling bullet barely misses the gnoll.
The gnoll barely misses you. x2
You shoot a sling bullet.
The sling bullet barely misses the gnoll.
The gnoll completely misses you. The gnoll closely misses you.
You shoot a sling bullet.
The sling bullet barely misses the gnoll.
The gnoll hits you but does no damage. The gnoll barely misses you.
The gnoll hits you with a +1 flail of venom.
The gnoll hits you from afar with a +0 spear.
You shoot a sling bullet.
The sling bullet barely misses the gnoll.
The gnoll misses you. The gnoll closely misses you.
You shoot a sling bullet.
The sling bullet barely misses the gnoll.
The gnoll hits you but does no damage.
The gnoll hits you from afar with a +0 spear.
You shoot a sling bullet.
The sling bullet barely misses the gnoll.
The gnoll barely misses you.
The gnoll hits you from afar with a +0 spear.
The gnoll barely misses you. The gnoll closely misses you.
You shoot a sling bullet.
The sling bullet hits the gnoll but does no damage.
The gnoll hits you with a +1 flail of venom.
The gnoll hits you but does no damage.
You shoot a sling bullet.
The sling bullet barely misses the gnoll.
The gnoll hits you with a +1 flail of venom.
You die...

...... ##.#..#
...... ##.#..#
####.....###
#......g... #...)g#
#..@.####...
###.........
#..####.[. #..#
#.)# #######. #..#
........########..#
..................#
.################.#


You could see 2 gnolls.

Vanquished Creatures
  A hound (D:3)
  A gnoll (D:3)
  3 adders
  4 endoplasms
  A giant cockroach (D:1)
  5 hobgoblins
  2 jackals (D:2)
  3 kobolds
  A quokka (D:1)
  3 ball pythons
  3 bats (D:1)
  A frilled lizard (D:3)
  3 rats
31 creatures vanquished.

Notes
Turn   | Place    | Note
-------+----------+-------------------------------------------
     0 | D:1      | qw the Gargoyle Hexslinger began the quest for the Orb.
     0 | D:1      | Reached XP level 1. HP: 12/12 MP: 2/2
     0 | D:1      | 0 ||| qw: Version: 0.3-a-52-g30416fa
     0 | D:1      | 0 ||| qw: Game counter: 7324
     0 | D:1      | 0 ||| qw: Melee chars always use a shield: true
     0 | D:1      | 0 ||| qw: God list: Okawaru
     0 | D:1      | 0 ||| qw: Allow faded altars: false
     0 | D:1      | 0 ||| qw: Do Orc after clearing Dungeon:15 true
     0 | D:1      | 0 ||| qw: Do second Lair branch before Depths: true
     0 | D:1      | 0 ||| qw: Lair rune preference: random
     0 | D:1      | 0 ||| qw: Goals: Normal
     0 | D:1      | 0 ||| PLANNING D:1-11
   155 | D:1      | Reached XP level 2. HP: 15/16 MP: 3/3
   201 | D:1      | Reached skill level 3 in Ranged Weapons
   475 | D:1      | 475 ||| UPGRADING to +0 leather armour.
   485 | D:1      | 485 ||| DROPPING +0 robe.
   486 | D:1      | 486 ||| READING scroll labelled BUUMUUN OBBAPT.
   487 | D:1      | 487 ||| DROPPING scroll of poison.
   566 | D:2      | Reached XP level 3. HP: 10/21 MP: 4/4
   760 | D:2      | Found an iron altar of Okawaru.
   761 | D:2      | 761 ||| PLANNING OKAWARU WORSHIP
   761 | D:2      | 761 ||| UPGRADING to +0 ring mail.
   771 | D:2      | 771 ||| DROPPING +0 leather armour.
   772 | D:2      | 772 ||| READING scroll labelled FAGUUSCHASU.
   773 | D:2      | 773 ||| READING scroll labelled LOOBEF DA XYETO.
   784 | D:2      | Became a worshipper of Warmaster Okawaru
   785 | D:2      | 785 ||| PLANNING D:1-11
  1150 | D:3      | Reached skill level 4 in Ranged Weapons
  1150 | D:3      | Reached XP level 4. HP: 25/26 MP: 5/5
  1251 | D:3      | HP: 5/26 [gnoll/+0 spear (4)]
  1252 | D:3      | HP: 1/26 [gnoll/+1 flail of venom (4)]
  1253 | D:3      | Slain by a gnoll

Levels and vault maps discovered:
D:1:      dpeg_arrival_line_fractal, layout_basic
D:2:      layout_basic, basic_altar, minmay_pentomino_v2
D:3:      layout_loops_ring, nicolae_ecumenical_oubliette

Skill      XL: |  1  2  3 |
---------------+----------+-----
Ranged Weapons | 3 4 |  4.2
Fighting       | 2 |  2.1
Armour         | |  0.9
Dodging        | |  1.5
Spellcasting   | |  1.0
Hexes          | |  2.6

Action                     |  1- 3 |  4- 6 || total
---------------------------+-------+-------++-------
   Fire: Sling             |   108 |    21 ||   129
    Use: Scroll            |     3 |       ||     3
 Armour: Robe              |     5 |       ||     5
         Leather armour    |     6 |       ||     6
         Ring mail         |    17 |     5 ||    22
  Dodge: Dodged            |    39 |    15 ||    54

Table legend:
 A = Non-vault XP
 B = Vault XP
 C = Vault XP percentage of total XP
 D = Non-vault monster count
 E = Vault monster count
 F = Vault count percentage of total count
                 A         B        C        D         E       F
            +---------+---------+-------+---------+---------+-------
      Total |     137 |       1 |   0.7 |      30 |       1 |   3.2
            +---------+---------+-------+---------+---------+-------
        D:1 |      21 |       0 |   0.0 |      13 |       0 |   0.0
        D:2 |      41 |       1 |   2.4 |      10 |       1 |   9.1
        D:3 |      75 |       0 |   0.0 |       7 |       0 |   0.0
            +---------+---------+-------+---------+---------+-------
